 Dungeon Crawl Stone Soup version 0.32-a0-772-g33df2375a9 (webtiles) character file.

Game seed: 8878503653346495055

209529 Octopussy the Devastator (level 18, -3/119 HPs)
             Began as an Octopode Conjurer on Mar 19, 2024.
             Was an Initiate of Gozag.
             Killed from afar by a thorn hunter (14 damage)
             ... with a volley of thorns
             ... on level 4 of the Swamp.
             The game lasted 03:09:03 (69050 turns).

Octopussy the Devastator (Octopode Conjurer)       Turns: 69050, Time: 03:09:04

Health: -3/119     AC: 15    Str:  7    XL:     18   Next: 82%
Magic:  30/39      EV: 15    Int: 39    God:    Gozag
Gold:   3694       SH: 20    Dex: 12    Spells: 14/33 levels left

rFire   + + .        T - +5 rapier "Orb Guardian's Doom" {speed, rF+ rC+ Dex+3}
rCold   + . .        v - +3 kite shield {rF+}
rNeg    . . .        F - +2 hat {SInv}
rPois   +            B - amulet of reflection
rElec   .            l - ring of poison resistance
rCorr   .            x - +6 ring of intelligence
SInv    +            n - +4 ring of protection
Will    +....        t - +6 ring of intelligence
Stlth   +++          y - +5 ring of evasion
HPRegen 0.39/turn    O - ring of magical power
MPRegen 0.26/turn    Y - +4 ring of protection
                     Z - +4 ring of protection

%: reflection
@: no status effects
A: almost no armour, amphibious, 8 rings, camouflage 1, gelatinous body 1,
(nimble swimmer 1), tentacles, clumsy 1, mutation resistance 1
}: 1/15 runes: gossamer
a: Renounce Religion, Potion Petition, Call Merchant, Bribe Branch


You were on level 4 of the Swamp.
You worshipped Gozag.
Gozag was most pleased with you.
You visited 5 branches of the dungeon, and saw 30 of its levels.
You visited 1 bazaar.
You also visited: Sewer, Bailey, Ice Cave and Volcano.

You collected 11355 gold pieces.
You spent 1674 gold pieces at shops.
You paid 5987 gold pieces to Gozag.

Inventory:

Hand Weapons
 T - the +5 rapier "Orb Guardian's Doom" (weapon) {speed, rF+ rC+ Dex+3}
   (You found it on level 4 of the Lair of Beasts)

   Dex+3:     It affects your dexterity (+3).
   rF+:       It protects you from fire.
   rC+:       It protects you from cold.
Armour
 v - a +3 kite shield of fire resistance (worn)
 F - a +2 hat of see invisible (worn)
Magical Staves
 o - the staff "Luuvob" {rF- rN+ Int+8 Necro}
   (You found it in an ice cave)

   [staff of death]

   Base accuracy: +5 Base damage: 5 Base attack delay: 1.2 This weapon's minimum
   attack delay (0.6) is reached at skill level 12.
   Int+8:     It affects your intelligence (+8).
   rF-:       It makes you vulnerable to fire.
   rN+:       It protects you from negative energy.
   Necro:     It increases the power of your Necromancy spells.
   It falls into the 'Staves' category.
   It is a one-tentacled weapon.
Jewellery
 d - a ring of protection from cold
 l - a ring of poison resistance (left tentacle)
 n - a +4 ring of protection (on tentacle)
 t - a +6 ring of intelligence (on tentacle)
 x - a +6 ring of intelligence (right tentacle)
 y - a +5 ring of evasion (on tentacle)
 B - an amulet of reflection (around mantle)
 E - a ring of protection from fire
 O - a ring of magical power (on tentacle)
 U - a ring of wizardry
 Y - a +4 ring of protection (on tentacle)
 Z - a +4 ring of protection (on tentacle)
Wands
 k - a wand of flame (10)
 r - a wand of mindburst (18)
 D - a wand of iceblast (18)
 H - a wand of polymorph (8)
 K - a wand of paralysis (32)
Scrolls
 a - a scroll of brand weapon
 e - 3 scrolls of blinking
 f - 4 scrolls of vulnerability
 g - 9 scrolls of teleportation
 i - 5 scrolls of amnesia
 j - 10 scrolls of poison
 q - 5 scrolls of fog
 s - 6 scrolls of fear
 u - 2 scrolls of revelation
 w - 8 scrolls of immolation
 G - 3 scrolls of enchant armour
 J - a scroll of torment
 P - a scroll of summoning
 R - 15 scrolls of identify
 S - a scroll of enchant weapon
 W - 5 scrolls of silence
Potions
 b - 6 potions of might
 c - 3 potions of heal wounds
 h - a potion of lignification
 m - 9 potions of curing
 z - 4 potions of ambrosia
 A - 5 potions of haste
 C - 3 potions of brilliance
 L - 2 potions of berserk rage
 M - 3 potions of cancellation
 N - a potion of resistance
 Q - a potion of mutation
 V - a potion of invisibility
Miscellaneous
 p - a tin of tremorstones (2/2)
 I - a sack of spiders


   Skills:
 + Level 9.6 Fighting
 - Level 2.0 Dodging
 - Level 2.6 Stealth
 - Level 15.0 Shields
 - Level 8.4 Spellcasting
 - Level 20.7 Conjurations
 - Level 17.2 Earth Magic
 - Level 7.0 Alchemy


You had 14 spell levels left.
You knew the following spells:

 Your Spells              Type           Power      Damage    Failure   Level
a - Magic Dart            Conj           100%       1d8       0%          1
b - Lehudib's Crystal Sp  Conj/Erth      52%        10d12     16%         8
c - Fulminant Prism       Conj/Alch      45%        3d21      1%          4
d - Bombard               Conj/Erth      52%        9d9       1%          6

Your spell library contained the following spells:

 Spells                   Type           Power      Damage    Failure   Level
 Searing Ray              Conj           100%       2d8       0%          2
 Passwall                 Erth           100%       N/A       0%          3
 Shock                    Conj/Air       100%       1d9       1%          1
 Hailstorm                Conj/Ice       78%        3d13      1%          3
 Iskenderun's Mystic Bla  Conj/Tloc      78%        2d16      1%          4
 Leda's Liquefaction      Alch/Erth      42%        N/A       1%          4
 Lee's Rapid Deconstruct  Erth           50%        3d24*     1%          5
 Cigotuvi's Dreadful Rot  Necr/Alch/Air  68%        N/A       3%          2
 Call Canine Familiar     Summ           16%        N/A       17%         3
 Fugue of the Fallen      Necr           16%        N/A       17%         3
 Ozocubu's Armour         Ice            16%        N/A       17%         3
 Sigil of Binding         Hex            16%        N/A       17%         3
 Summon Ice Beast         Ice/Summ       16%        N/A       17%         3
 Swiftness                Air            16%        N/A       17%         3
 Volatile Blastmotes      Fire/Tloc      32%        2d12      17%         3
 Permafrost Eruption      Ice/Erth       35%        2x4d10    26%         6
 Airstrike                Air            8%         2d(2-18)  50%         4
 Cause Fear               Hex            8%         N/A       50%         4
 Dimensional Bullseye     Hex/Tloc       8%         N/A       50%         4
 Dispel Undead            Necr           16%        3d10      50%         4
 Manifold Assault         Tloc           16%        N/A       50%         4
 Martyr's Knell           Necr/Summ      16%        N/A       50%         4
 Summon Lightning Spire   Summ/Air       16%        N/A       50%         4
 Sculpt Simulacrum        Ice/Alch       21%        N/A       91%         6
 Malign Gateway           Summ/Tloc      8%         N/A       100%        7
 Summon Horrible Things   Summ           8%         N/A       100%        8
 Animate Armour           Summ/Erth      Unusable   N/A       N/A         4

Dungeon Overview and Level Annotations

Branches:
Dungeon (15/15)            Temple (0/1) D:7            Lair (5/5) D:8
  Swamp (4/4) Lair:3       Spider (4/4) Lair:3        Slime (0/5) Lair:4
    Orc (2/2) D:11            Elf (0/3) Orc:2        Vaults (0/5) D:14
 Depths (0/4) D:15          Sewer (visited)          Bailey (visited)
  IceCv (visited)         Volcano (visited)

Altars:
Cheibriados
Elyvilon
Gozag
Hepliaklqana
Nemelex Xobeh
Ru
Sif Muna
Trog
Wu Jian
The Shining One
Jiyva

Shops:
D:2 ?   D:5 [   D:7 =[[   D:11 **![=   D:14 *=[   Orc:1 :   Orc:2 *[*:
Lair:1 *

Portals:
Pandemonium: Orc:2
Trove: D:11 (give horn of Geryon)

Annotations:
D:3 1 runed translucent door, Crazy Yiuf, Grinder
D:5 2 transporters


Innate Abilities, Weirdness & Mutations

You cannot wear most types of armour.
You are amphibious.
You can wear up to eight rings at the same time.
Your skin changes colour to match your surroundings (Stealth+).
Your rubbery body absorbs attacks. (AC +1, EV +1)
((You are camouflaged when in or above water. (Stealth+)))
You have tentacles for arms and can constrict up to eight enemies at once.
You are clumsy. (Dex -2)
You are somewhat resistant to further mutation.


Message History

Your line of fire to the thorn hunter is blocked by a briar patch.
Casting: Bombard (mildly dangerous; 1% risk of failure)
Confirm with . or Enter, or press ? or * to list all spells.
Aiming: Bombard (mildly dangerous; 1% risk of failure)
Press: ? - help, Shift-Dir - straight line, f/p - thorn hunter
Aim: a thorn hunter (82% to hit)
Your line of fire to the thorn hunter is blocked by a briar patch.
Casting: Bombard (mildly dangerous; 1% risk of failure)
Confirm with . or Enter, or press ? or * to list all spells.
Aiming: Fulminant Prism (safe; 1% risk of failure)
Press: ? - help, Dir - move target, p - thorn hunter You conjure a prism of explosive energy!
A fulminant prism comes into view.
The thorn hunter fires a volley of thorns at you.
The volley of thorns hits you!!
* * * LOW HITPOINT WARNING * * *
The thorn hunter fires a volley of thorns at you.
You block the volley of thorns... and reflect it back!
The volley of thorns hits the briar patch!!
You destroy the briar patch!
Casting: Fulminant Prism (safe; 1% risk of failure)
Confirm with . or Enter, or press ? or * to list all spells.
Aiming: Bombard (mildly dangerous; 1% risk of failure)
Press: ? - help, Shift-Dir - straight line, f - briar patch
Aim: a briar patch (100% to hit)
The iron shot hits the briar patch!!!
You destroy the briar patch!
The blast sends you backwards.
Floosh!
You fall into the shallow water.
The thorn hunter fires a volley of thorns at you.
The volley of thorns hits you!!
* * * LOW HITPOINT WARNING * * *
Your fulminant prism crackles loudly.
You can't go up here!
Unknown command.
The thorn hunter fires a volley of thorns at you.
The volley of thorns hits you!
You die...
Your body crumbles into a pile of gold.

♣♣♣♣♣♣ ♣♣♣♣PP*.~♣
♣♣♣♣♣♣~@.~Pf~~.
♣.~~.~.~PPPPP~.
♣♣.~~...~PPPPPP. ~~~~
♣.~~§...~~PPP♣P. ~~~~~
♣~.~§♣~~~~~..~~~ .~~~.♣
♣~P~.♣♣$....~.~~ .~...♣
♣♣♣♣♣♣♣♣$....~..~
~.~~.♣♣♣~~...♣♣~~~~.♣♣~♣
~~~~~.♣~~~...♣♣~♣~~~♣


You could see a thorn hunter (ally target) and a friendly fulminant prism.

Vanquished Creatures
  Roxanne (Swamp:2)
  A fenstrider witch (Swamp:3)
  Donald (Swamp:1)
  An emperor scorpion (Spider:4)
  Louise (D:15)
  2 ghost moths (Spider:4)
  2 broodmothers
  4 eleionomae
  3 bunyips
  2 dire elephants (D:15)
  4 spark wasps
  16 hydras
  5 vault guards (D:14)
  5 entropy weavers
  An ogre mage (D:12)
  6 ghost crabs
  4 catoblepae
  3 demonspawn (Orc:2)
  5 radroaches
  3 two-headed ogres
  6 boulder beetles
  9 alligators
  A centaur warrior (D:15)
  2 jorogumos
  A hell hog (Volcano)
  7 death yaks
  4 demonic crawlers
  A sphinx skeleton (D:15)
  Urug (Orc:2)
  9 orc high priests
  2 deep elf knights
  A soul eater (Orc:2)
  2 skysharks
  9 skeletal warriors
  8 orb spiders
  A death drake (Swamp:3)
  5 pharaoh ants
  4 goliath frogs
  A lindwurm (Volcano)
  8 spriggan druids
  A flayed ghost (D:15)
  A sun moth (Spider:3)
  An arcanist (D:14)
  3 swamp dragons
  4 steelbarb worms
  6 bog bodies
  A deep elf archer (D:15)
  3 deep elf pyromancers
  A necromancer (D:15)
  5 orc sorcerers
  15 wolf spiders
  10 orc knights
  4 manticores
  3 moths of wrath
  4 cyclopes
  4 meliai (Spider:4)
  2 will-o-the-wisps
  19 ugly things
  16 elephants
  2 molten gargoyles (Volcano)
  11 black mambas
  A torpor snail (Lair:3)
  A rust devil (Orc:2)
  Maggie (D:7)
  14 cane toads
  An orange demon (Orc:2)
  A kobold demonologist (D:12)
  2 rime drakes
  12 komodo dragons
  2 yaktaurs (D:14)
  2 unseen horrors
  Psyche (D:11)
  A swamp worm zombie (Swamp:4)
  A freezing wraith (D:15)
  A tengu conjurer (D:15)
  3 anaconda simulacra (IceCv)
  4 trolls
  14 tyrant leeches
  A bloated husk (Swamp:1)
  A polar bear (Lair:2)
  10 hornets
  15 tarantellas
  Prince Ribbit (D:6)
  25 blink frogs
  13 jumping spiders
  2 dream sheep (D:8)
  8 slime creatures
  15 culicivoras
  A spriggan (shapeshifter) (D:13)
  2 spriggan skeletons (D:15)
  20 spriggans
  54 yaks
  3 shadows
  A vampire (D:14)
  5 fire bats (Volcano)
  7 basilisks
  A tyrant leech zombie (Swamp:4)
  A human (D:14)
  3 wargs
  4 wyverns
  2 steam dragons
  3 wraiths
  26 vampire mosquitoes
  2 death yak simulacra (IceCv)
  34 redbacks
  15 swamp worms
  3 acid dragons
  A harpy simulacrum (IceCv)
  Duvessa (D:5)
  17 water moccasins
  3 hell hounds
  Pargi (Sewer)
  4 swamp drakes
  An ice beast (D:6)
  32 orc warriors
  3 black bears
  2 ogres (shapeshifter)
  4 boggarts (D:14)
  4 ogres
  A crocodile (shapeshifter) (D:14)
  4 phantoms
  2 centaurs
  19 wolves
  3 kobold brigands (D:8)
  A brain worm (Sewer)
  14 bullfrogs
  7 scorpions
  3 cane toad simulacra (IceCv)
  2 gnoll sergeants
  7 two-headed ogre simulacra (IceCv)
  Dowan (D:5)
  35 killer bees
  6 howler monkeys
  9 lava snakes (Volcano)
  A bombardier beetle (D:5)
  2 hounds
  18 orc priests
  4 sleepcaps
  2 iguanas
  13 orc wizards
  2 troll simulacra (IceCv)
  7 hell rats (Lair:3)
  4 polar bear simulacra (IceCv)
  2 spriggan simulacra (IceCv)
  3 wolf simulacra (IceCv)
  Robin (D:3)
  11 gnolls
  11 adders
  3 naga simulacra (IceCv)
  3 shadow imps
  8 white imps (IceCv)
  2 ufetubi (IceCv)
  4 dart slugs
  5 ribbon worms
  113 orcs
  10 ball pythons
  6 endoplasms
  3 giant cockroaches
  22 goblins
  11 hobgoblins
  2 jackals (D:2)
  3 quokkas
  6 bats
  5 frilled lizards
  9 kobolds
  8 rats
  2 fulminant prisms
1101 creatures vanquished.

Vanquished Creatures (collateral kills)
  3 ghost moths (Spider:4)
  A broodmother (Spider:4)
  A wolf spider (Spider:4)
  2 culicivoras (Spider:4)
7 creatures vanquished.

Vanquished Creatures (others)
  A bloated husk (Swamp:3)
  A hornet (Swamp:4)
  A swamp worm (Swamp:3)
  2 foxfires (Swamp:1)
  266 fulminant prisms
271 creatures vanquished.

Grand Total: 1379 creatures vanquished

Notes
Turn   | Place    | Note
-------+----------+-------------------------------------------
     0 | D:1      | Octopussy the Octopode Conjurer began the quest for the
                  | Orb.
     0 | D:1      | Reached XP level 1. HP: 11/11 MP: 3/3
   367 | D:1      | Reached XP level 2. HP: 7/17 MP: 0/5
  1164 | D:2      | Reached XP level 3. HP: 21/21 MP: 1/6
  1344 | D:2      | Found Guluewk's Magic Scroll Shoppe.
  2030 | D:2      | HP: 1/21 [poisoned by an adder]
  2131 | D:2      | Reached XP level 4. HP: 9/27 MP: 5/8
  2276 | D:2      | Identified the +0 scale mail "Muagg" {Will+ rCorr}
  2313 | D:2      | Found a faded altar of an unknown god.
  2331 | D:2      | Reached skill level 5 in Conjurations
  2423 | D:2      | Identified the +5 dagger of the End of Times {venom, rC+
                  | rCorr Int-3}
  2703 | D:3      | Noticed Robin
  2713 | D:3      | Learned a level 2 spell: Searing Ray
  2715 | D:3      | Killed Robin
  2772 | D:3      | Reached XP level 5. HP: 28/31 MP: 3/10
  2830 | D:3      | Found a snail-covered altar of Cheibriados.
  2846 | D:3      | Found a shimmering blue altar of Sif Muna.
  2992 | D:3      | Found a runed translucent door.
  2993 | D:3      | Noticed Crazy Yiuf
  3245 | D:3      | Noticed Grinder
  3769 | D:4      | Got the Meditations on the Hindering Quarry
  3907 | D:4      | Noticed a black bear
  4290 | D:4      | Reached XP level 6. HP: 23/36 MP: 12/12
  4325 | D:4      | Killed a black bear
  4326 | D:4      | Reached skill level 6 in Conjurations
  4527 | D:4      | Found a glowing golden altar of the Shining One.
  4703 | D:4      | Found a sparkling altar of Nemelex Xobeh.
  4767 | D:5      | Entered Level 5 of the Dungeon
  4767 | D:5      | Noticed Duvessa
  4767 | D:5      | Noticed Dowan
  4941 | D:5      | Noticed a water moccasin
  4951 | D:5      | Killed a water moccasin
  4952 | D:5      | Reached XP level 7. HP: 31/41 MP: 2/14
  5191 | D:5      | Killed Duvessa
  5192 | D:5      | Reached skill level 7 in Conjurations
  5290 | D:5      | Killed Dowan
  5291 | D:5      | Reached skill level 5 in Spellcasting
  5480 | D:5      | Found Naushyz's Antique Armour Shoppe.
  5609 | D:5      | Reached skill level 8 in Conjurations
  5609 | D:5      | Reached XP level 8. HP: 16/46 MP: 4/16
  6011 | D:5      | Found a transporter.
  6065 | D:5      | Found a transporter.
  6105 | D:5      | Gained mutation: You are clumsy. (Dex -2) [potion of
                  | mutation]
  6105 | D:5      | Gained mutation: You are somewhat resistant to further
                  | mutation. [potion of mutation]
  6135 | D:6      | Found a glowing drain.
  6144 | Sewer    | Entered a sewer
  6329 | Sewer    | Noticed Pargi
  6431 | Sewer    | Killed Pargi
  6629 | D:6      | Reached skill level 9 in Conjurations
  6735 | D:6      | Noticed Prince Ribbit
  6754 | D:6      | Killed Prince Ribbit
  6811 | D:6      | Reached XP level 9. HP: 45/51 MP: 8/18
  6893 | D:6      | Found an opulent altar of Gozag.
  6903 | D:6      | Became a worshipper of Gozag Ym Sagoz the Greedy
  7037 | D:5      | Learned a level 4 spell: Fulminant Prism
  7399 | D:6      | Reached skill level 10 in Conjurations
  7501 | D:7      | Noticed a hornet
  7785 | D:7      | Found a staircase to the Ecumenical Temple.
  7886 | D:7      | Killed a hornet
  8068 | D:7      | Found a flagged portal.
  8093 | Bailey   | Entered a bailey
  8345 | Bailey   | Noticed an orc knight
  8522 | Bailey   | Reached skill level 11 in Conjurations
  8635 | Bailey   | Noticed an orc knight
  8657 | Bailey   | Identified the +3 plate armour "Cutsuso" {rCorr Int+2}
  8657 | Bailey   | Noticed an orc knight
  8670 | Bailey   | Killed an orc knight
  8923 | Bailey   | Killed an orc knight
  8924 | Bailey   | Reached skill level 12 in Conjurations
  8924 | Bailey   | Reached XP level 10. HP: 33/56 MP: 0/22
  9187 | Bailey   | Killed an orc knight
  9489 | D:7      | Found a white marble altar of Elyvilon.
  9496 | D:7      | Found Oliusame's Armour Shop.
  9618 | D:7      | Noticed Maggie
  9633 | D:7      | Killed Maggie
  9797 | D:7      | Found Rait's Antique Armour Shoppe.
  9961 | D:7      | Learned a level 6 spell: Bombard
 10001 | D:7      | Found Bamasaurgh's Jewellery Shop.
 10009 | D:7      | Bought an amulet of reflection for 420 gold pieces
 10245 | D:8      | Noticed an elephant
 10280 | D:8      | Reached skill level 1 in Earth Magic
 10286 | D:8      | Killed an elephant
 10477 | D:8      | Found an ornate altar of the Wu Jian Council.
 10844 | D:8      | Noticed a three-headed hydra
 10866 | D:8      | Killed a three-headed hydra
 11429 | D:8      | Found a staircase to the Lair.
 11437 | D:8      | Reached skill level 5 in Alchemy
 11437 | D:8      | Reached XP level 11. HP: 58/61 MP: 14/23
 11522 | D:8      | Found a hazy altar of Hepliaklqana.
 11719 | D:9      | Reached skill level 5 in Earth Magic
 12732 | D:10     | Entered Level 10 of the Dungeon
 12744 | D:10     | Found a sacrificial altar of Ru.
 12832 | D:10     | Noticed a two-headed ogre
 13080 | D:10     | Killed a two-headed ogre
 13168 | D:10     | Found a bloodstained altar of Trog.
 13384 | D:10     | Identified the +2 lajatang "Gecoacym" {elec, Fly rC- Int+4}
 13973 | D:11     | Noticed Psyche
 14554 | D:11     | Found a staircase to the Orcish Mines.
 14661 | D:11     | Found a portal to a secret trove of treasure.
 14672 | D:11     | Killed Psyche
 14687 | D:11     | Paralysed by an orc for 4 turns
 15412 | D:12     | Noticed a manticore
 15420 | D:12     | Killed a manticore
 15485 | D:12     | Noticed a boulder beetle
 15495 | D:12     | Killed a boulder beetle
 15611 | D:12     | Reached XP level 12. HP: 66/66 MP: 17/24
 15669 | D:12     | HP: 1/66 [skeletal warrior/+0 trident (27)]
 15943 | D:12     | Reached skill level 10 in Earth Magic
 15978 | D:12     | Noticed an ogre mage
 15986 | D:12     | Killed an ogre mage
 15989 | D:12     | Noticed a two-headed ogre
 16089 | D:11     | Killed a two-headed ogre
 17409 | D:12     | Noticed a two-headed ogre
 17413 | D:12     | Killed a two-headed ogre
 19227 | Lair:1   | Entered Level 1 of the Lair of Beasts
 19557 | Lair:1   | Noticed a boulder beetle
 19563 | Lair:1   | Killed a boulder beetle
 19817 | Lair:1   | Found a dark tunnel.
 19827 | Volcano  | Entered a volcano
 20475 | Volcano  | Found a burning altar of Makhleb.
 20485 | Volcano  | Reached XP level 13. HP: 63/71 MP: 10/25
 20674 | Volcano  | Reached skill level 13 in Conjurations
 21694 | Lair:1   | Bought a fuming black potion for 27 gold pieces
 21741 | Lair:1   | Reached skill level 14 in Conjurations
 23089 | Lair:2   | Reached skill level 15 in Conjurations
 25492 | Lair:3   | Reached skill level 16 in Conjurations
 26113 | Lair:3   | Reached XP level 14. HP: 34/76 MP: 16/26
 27316 | Lair:3   | Found a hole to the Spider Nest.
 27433 | Lair:3   | Identified the +6 flail "Arcanum" {holy, rF+ rC- Str+3}
 27777 | Lair:3   | Found a staircase to the Swamp.
 28377 | Lair:4   | Reached skill level 17 in Conjurations
 29630 | Lair:4   | Identified the +5 rapier "Orb Guardian's Doom" {speed, rF+
                  | rC+ Dex+3}
 30272 | Lair:4   | Reached skill level 18 in Conjurations
 30555 | Lair:4   | Found a staircase to the Slime Pits.
 30925 | Lair:4   | Found a viscous altar of Jiyva.
 31250 | Lair:5   | Entered Level 5 of the Lair of Beasts
 31412 | Lair:5   | Found a frozen archway.
 31511 | IceCv    | Entered an ice cave
 33083 | IceCv    | Identified the staff "Luuvob" {rF- rN+ Int+8 Necro}
 33348 | Lair:5   | Identified the +3 orcbow of Capital Punishment {freeze,
                  | SInv}
 33439 | Lair:5   | Reached skill level 19 in Conjurations
 33838 | Lair:5   | Reached XP level 15. HP: 62/81 MP: 7/27
 35224 | Lair:5   | Reached skill level 20 in Conjurations
 36761 | Orc:1    | Entered Level 1 of the Orcish Mines
 36761 | Orc:1    | Found Wionoics's Book Emporium.
 37717 | Orc:2    | Entered Level 2 of the Orcish Mines
 38523 | Orc:2    | Found a staircase to the Elven Halls.
 38963 | Orc:2    | Found Retam's General Store.
 39507 | Orc:2    | Found Itezogg's General Store.
 40788 | Orc:2    | Reached skill level 15 in Earth Magic
 41219 | Orc:2    | Found Qoadyanudu's Antique Armour Shoppe.
 41219 | Orc:2    | Found Vomerer's Book Emporium.
 41220 | Orc:2    | Found a one-way gate leading to the halls of Pandemonium.
 41338 | Orc:2    | Noticed Urug
 41342 | Orc:2    | Killed Urug
 42251 | D:13     | Reached XP level 16. HP: 68/86 MP: 24/28
 42416 | D:13     | Identified the +0 robe of Pandemonium {Will+}
 43794 | D:14     | Found a flickering gateway to a bazaar.
 43805 | Bazaar   | Entered a bazaar
 43805 | Bazaar   | Found Piuq's Antique Weapon Shop.
 43805 | Bazaar   | Found Voamyestoe's Assorted Antiques.
 43805 | Bazaar   | Found Jepnu's Antique Armour Shop.
 43805 | Bazaar   | Found Viugat's Weapon Shoppe.
 43807 | Bazaar   | Found Inup's Book Boutique.
 44445 | D:14     | Found Xexiacw's Antique Armour Boutique.
 44599 | D:14     | Bought a glowing hat for 196 gold pieces
 44749 | D:14     | Found a gate to the Vaults.
 45126 | D:14     | Found Asoe's General Store.
 45134 | D:14     | Bought a potion of heal wounds for 95 gold pieces
 45157 | D:15     | Entered Level 15 of the Dungeon
 46479 | D:14     | Found Icanal's Jewellery Boutique.
 46504 | D:14     | Bought a +4 ring of protection for 468 gold pieces
 46504 | D:14     | Bought a +4 ring of protection for 468 gold pieces
 46667 | D:15     | Reached skill level 1 in Shields
 47101 | D:15     | Noticed Louise
 47108 | D:15     | Killed Louise
 47489 | D:15     | Learned a level 8 spell: Lehudib's Crystal Spear
 47981 | D:15     | Found a staircase to the Depths.
 48133 | D:15     | Reached skill level 5 in Shields
 49880 | Spider:1 | Entered Level 1 of the Spider Nest
 51465 | Spider:2 | Reached XP level 17. HP: 87/91 MP: 24/29
 51568 | Spider:2 | Reached skill level 1 in Fighting
 54023 | Spider:3 | Reached skill level 10 in Shields
 55505 | Spider:4 | Entered Level 4 of the Spider Nest
 56188 | Spider:4 | Reached skill level 5 in Fighting
 57002 | Spider:4 | Identified the +2 helmet of Card Tricks {Harm Will+ Stlth+}
 59378 | Spider:4 | Reached XP level 18. HP: 61/112 MP: 1/30
 59596 | Spider:4 | Got a gossamer rune of Zot
 59867 | Swamp:1  | Entered Level 1 of the Swamp
 61394 | Swamp:1  | Noticed Donald
 61423 | Swamp:1  | Killed Donald
 63725 | Swamp:2  | Noticed Roxanne
 63738 | Swamp:2  | Killed Roxanne
 66015 | Swamp:3  | Identified the +9 spear "Xasyll" {drain, rF+ rN+}
 66389 | Swamp:4  | Entered Level 4 of the Swamp
 68552 | Swamp:4  | Reached skill level 15 in Shields
 69050 | Swamp:4  | Killed from afar by a thorn hunter

Illustrated notes

Levels and vault maps discovered:
D:1:      lightli_arrival_noodles, layout_basic, hangedman_decor_opposing,
          st_stairs_2
D:2:      layout_loops_ring, basic_ecumenical_altar, serial_shops, shop,
          grunt_ministairs_5, minmay_joined_circles
D:3:      layout_loops_ring, mainiacjoe_overflow_large_starburst,
          chequers_garden, uniq_grinder, uniq_crazy_yiuf_cottage, uniq_robin
D:4:      layout_rooms, nemelex_diamond_rough_becter,
          nicolae_tso_carved_into_rock
D:5:      gammafunk_steamed_eel, layout_basic, serial_shops,
          nicolae_shop_just_a_little_nook, uniq_duvessa
D:6:      layout_cave_pools, grunt_gozag_breadcrumbs, portal_sewer_entry_d,
          uniq_prince_ribbit1
D:7:      layout_cave_pools, elyvilon_altar_5,
          minmay_temple_entry_statues_pillars, enter_bailey_5, serial_shops,
          nicolae_shop_hallway_stairs, nicolae_shop_peninsula, shop_fountains,
          grunt_decor_junction, uniq_maggie
D:8:      layout_cave_pods, nzn_hepliaklqana_mist_gate,
          mainiacjoe_overflow_catwalk, grunt_lair_entry_orc_guard_hut,
          hangedman_ranch
D:9:      layout_long_grid
D:10:     layout_small_grid, nicolae_ru_awakened_eye, trog_three_pillars_becter
D:11:     layout_rooms, hiddenorc2_lemuel, enter_trove_2, uniq_psyche
D:12:     layout_gridville, minmay_bent
D:13:     layout_gridville
D:14:     layout_roguey, grunt_vaults_entry_fortified, minmay_misc_feat_room,
          serial_shops, bzr_entry_safe, shop, shop, nicolae_square_shop
D:15:     gammafunk_depths_entry_grave, layout_loops_corners,
          grunt_decor_one_mirror, beargit_elvish_explorers, uniq_louise
Lair:1:   layout_concentric_octagons, enter_volcano_1
Lair:2:   layout_regular_city, grunt_forest_large_clearing_hut,
          grunt_megastairs_3
Lair:3:   wad_woods_minihive, layout_loops_ring,
          mainiacjoe_swamp_entry_lozenge_pond, nicolae_spider_entry_non_spiders,
          kennysheep_catoblepas_arena
Lair:4:   layout_layer_cave, slime_entry_1
Lair:5:   evilmike_catoblepas_cave, layout_cellular_growth,
          portal_ice_cave_entry_pillars_1, patterned_corridor
Swamp:1:  layout_basic_swamp, nicolae_swamp_big_swirl, swamp_pool_1_2,
          nicolae_swamp_small_spring, infiniplex_staircase_pool_2, uniq_donald
Swamp:2:  layout_basic_swamp, evilmike_swamp_ruin_house_6, uniq_roxanne
Swamp:3:  layout_basic_swamp, nicolae_swamp_stuck_in_the_mud
Swamp:4:  swamp_pestilence, layout_basic_swamp
Spider:1: layout_spider_delve, hellmonk_deceptive_appearances
Spider:2: layout_spider_delve, nicolae_spider_swamp_cousins
Spider:3: layout_spider_delve, hangedman_spider_tarantella_strand
Spider:4: grunt_spider_rune_parallel, hellmonk_test_site
Orc:1:    layout_caves, serial_shops, nicolae_shop_tiny_glass
Orc:2:    pf_orc_diabolical, layout_caves, sword_in_stone

Skill      XL: |  1  2  3  4  5  6  7  8  9 10 11 12 13 14 15 16 17 18 |
---------------+-------------------------------------------------------+-----
Spellcasting   | 3 4 5 6 8 |  8.4
Conjurations   | 5 6 8 9 12 16 19 20 | 20.7
Earth Magic    | 4 9 13 14 15 17 | 17.2
Alchemy        | 5 7 |  7.0
Shields        | 8 12 15 | 15.0
Fighting       | 6 9 |  9.6
Dodging        | |  2.0
Stealth        | |  2.6

Action                     |  1- 3 |  4- 6 |  7- 9 | 10-12 | 13-15 | 16-18 || total
---------------------------+-------+-------+-------+-------+-------+-------++-------
  Melee: Unarmed           |     3 |       |       |       |       |       ||     3
         Whip              |     6 |    23 |     4 |     4 |       |       ||    37
         Tentacles         |       |     4 |     1 |     9 |    39 |   117 ||   170
         Constrict         |       |     3 |       |    10 |    21 |    56 ||    90
         Lajatang          |       |       |       |    36 |    10 |       ||    46
         Rapier            |       |       |       |       |    97 |   315 ||   412
   Cast: Magic Dart        |    88 |   111 |   203 |   119 |    58 |     4 ||   583
         Searing Ray       |       |     8 |    33 |    34 |    14 |     4 ||    93
         Fulminant Prism   |       |       |    19 |    93 |   106 |    52 ||   270
         Bombard           |       |       |       |    59 |   392 |   538 ||   989
 Invoke: Call Merchant     |       |       |       |     1 |     5 |       ||     6
  Evoke: Wand              |       |       |       |       |     3 |     2 ||     5
    Use: Scroll            |       |    10 |     7 |     7 |     8 |    19 ||    51
         Potion            |       |       |     4 |     3 |     2 |    15 ||    24
   Stab: Sleeping          |       |       |       |       |       |     1 ||     1
         Distracted        |       |       |       |       |       |     1 ||     1
 Armour: Skin              |    11 |    21 |    30 |   100 |   149 |   430 ||   741
  Dodge: Dodged            |    12 |    42 |    37 |   119 |   201 |   306 ||   717
  Block: Other             |       |       |       |    30 |    52 |    30 ||   112
         Reflection        |       |       |       |     3 |     3 |    23 ||    29
         Kite shield       |       |       |       |       |       |   543 ||   543

Table legend: (Time is in decaauts)
 A = Elapsed time spent in this place.
 B = Non-inter-level travel time spent in this place.
 C = Inter-level travel time spent in this place.
 D = Time resting spent in this place.
 E = Time spent auto-exploring this place.
 F = Levels seen in this place.
 G = Mean time per level.
                   A        B        C        D        E       F      G
               +--------+--------+--------+--------+--------+-----+--------+
         Total |  69088 |  67121 |   1967 |  31013 |  22713 |  35 | 1973.9 |
       Dungeon |  25659 |  24575 |   1084 |   7886 |  12281 |  15 | 1710.6 |
          Lair |  15360 |  14947 |    413 |   7354 |   4336 |   5 | 3072.0 |
         Swamp |   8343 |   8235 |    108 |   5749 |   1395 |   4 | 2085.8 |
   Spider Nest |   9944 |   9691 |    253 |   5355 |   2167 |   4 | 2486.0 |
  Orcish Mines |   5185 |   5077 |    108 |   2508 |   1593 |   2 | 2592.5 |
        Bazaar |     68 |     68 |      0 |      0 |     37 |   1 |   68.0 |
         Sewer |    387 |    387 |      0 |     67 |    251 |   1 |  387.0 |
        Bailey |   1362 |   1362 |      0 |    384 |    565 |   1 | 1362.0 |
      Ice Cave |   1586 |   1586 |      0 |   1053 |     27 |   1 | 1586.0 |
       Volcano |   1189 |   1189 |      0 |    657 |     61 |   1 | 1189.0 |
               +--------+--------+--------+--------+--------+-----+--------+

Top non-repeatable levels by time:
  Lair:3: 4691 daAuts
   Orc:2: 3583 daAuts
  Lair:5: 3462 daAuts
Spider:4: 3388 daAuts
    D:15: 3020 daAuts
    D:12: 2939 daAuts
 Swamp:3: 2922 daAuts
Spider:3: 2807 daAuts
  Lair:4: 2791 daAuts
 Swamp:1: 2709 daAuts
    D:14: 2699 daAuts
Spider:2: 2555 daAuts
    D:11: 2387 daAuts
  Lair:2: 2316 daAuts
  Lair:1: 2098 daAuts
